 Dungeon Crawl Stone Soup version 0.31.0-32-g396128a36d (webtiles) character file.

Game seed: 1875478524509009150

993 nimbat the Magician (level 7, -8/57 HPs)
             Began as a Purple Draconian Fire Elementalist on Apr 10, 2024.
             Mangled by a hornet (10 damage)
             ... on level 5 of the Dungeon.
             The game lasted 01:32:59 (5053 turns).

nimbat the Magician (DrFE)                          Turns: 5053, Time: 01:32:59

Health: -8/57      AC:  9    Str: 10    XL:     7   Next: 98%
Magic:  10/14      EV: 12    Int: 18    God:
Gold:   119        SH:  0    Dex: 11    Spells: 2/15 levels left

rFire   + . .        b - +5 whip "Siemet" {speed, rElec rF+ Will+}
rCold   . . .        (no shield)
rNeg    . . .        (body armour unavailable)
rPois   .            (helmet restricted)
rElec   +            g - +0 cloak
rCorr   .            u - +0 pair of gloves
SInv    +            i - +0 pair of boots
Will    ++...        r - amulet of magic regeneration
Stlth   ++           l - ring of see invisible
HPRegen 0.29/turn    (no ring)
MPRegen 0.54/turn

%: no passive effects
@: mighty, lethally poisoned (-8 -> -14), very slightly contaminated, slowed,
very slow
A: breathe power, AC +6, unfitting armour, cold-blooded, subdued magic 1
a: Breathe Dispelling Energy


You were on level 5 of the Dungeon.
You visited 1 branch of the dungeon, and saw 5 of its levels.

You collected 245 gold pieces.
You spent 126 gold pieces at shops.

Inventory:

Hand Weapons
 b - the +5 whip "Siemet" (weapon) {speed, rElec rF+ Will+}
   (You found it on level 2 of the Dungeon)

   rF+:       It protects you from fire.
   rElec:     It insulates you from electricity.
   Will+:     It increases your willpower.
 x - a +2 hand axe of holy wrath
Missiles
 e - 56 stones
Armour
 g - a +0 cloak (worn)
 i - a +0 pair of boots (worn)
 u - a +0 pair of gloves (worn)
Jewellery
 l - a ring of see invisible (left hand)
 r - an amulet of magic regeneration (around neck)
Wands
 o - a wand of flame (15)
Scrolls
 c - 4 scrolls of identify
 d - a scroll of enchant weapon
 f - a scroll of poison
 h - a scroll of amnesia {unknown}
 j - a scroll of acquirement {unknown}
 k - a scroll of enchant armour
 p - a scroll of teleportation {unknown}
 q - a scroll of vulnerability {unknown}
Potions
 a - 2 potions of magic
 m - 2 potions of might
 n - a potion of degeneration {unknown}
 s - a potion of haste {unknown}
 t - a potion of heal wounds {unknown}
 v - a potion of cancellation {unknown}
 w - a potion of enlightenment {unknown}


   Skills:
 + Level 3.2 Fighting
 + Level 2.8 Maces & Flails
 + Level 3.3 Dodging
 + Level 3.5 Stealth
 + Level 4.8 Spellcasting
 + Level 3.2 Conjurations
 + Level 1.2 Hexes
 + Level 1.1 Translocations
 + Level 4.3 Fire Magic
 + Level 1.2 Evocations


You had 2 spell levels left.
You knew the following spells:

 Your Spells              Type           Power      Damage    Failure   Level
a - Foxfire               Conj/Fire      52%        2x1d6     1%          1
b - Scorch                Fire           30%        2d6       2%          2
c - Inner Flame           Hex/Fire       11%        N/A       11%         3
d - Volatile Blastmotes   Fire/Tloc      20%        2d11      11%         3
e - Flame Wave            Conj/Fire      13%        2d6       24%         4

Your spell library contained the following spells:

 Spells                   Type           Power      Damage    Failure   Level
 Magic Dart               Conj           48%        1d5       2%          1
 Searing Ray              Conj           24%        2d5       4%          2
 Ignite Poison            Fire/Alch      9%         N/A       45%         4
 Sticky Flame             Fire/Alch      9%         2d5       45%         4
 Fulminant Prism          Conj/Alch      3%         3d5       52%         4
 Passage of Golubria      Tloc           6%         N/A       58%         4
 Silence                  Hex/Air        2%         N/A       95%         5
 Summon Cactus Giant      Summ           1%         N/A       100%        6
 Ignition                 Fire           7%         3d5       100%        8
 Lehudib's Crystal Spear  Conj/Erth      3%         10d3      100%        8


Dungeon Overview and Level Annotations

Branches:
Dungeon (5/15)             Temple (0/1) D:5

Altars:
Vehumet

Shops:
D:3 ?   D:4 (


Innate Abilities, Weirdness & Mutations

You can breathe bolts of dispelling energy.
Your rich purple scales are hard. (AC +6)
You cannot fit into any form of body armour.
You are cold-blooded and may be slowed by cold attacks.
Your spells are a little easier to cast, but a little less powerful.


Message History

Flames lash the hornet.
The hornet is burned terribly!
The hornet is moderately wounded.
You feel very sick. The hornet barely misses you. x2
Casting: Scorch (safe; 3% risk of failure)
Confirm with . or Enter, or press ? or * to list all spells.
You conjure some foxfire!
You feel yourself speed up.
You feel very sick. The hornet stings you.
You feel yourself slow down. The hornet barely misses you.
Casting: Foxfire (safe; 2% risk of failure)
Confirm with . or Enter, or press ? or * to list all spells.
You conjure some foxfire!
You feel sick.
The foxfire hits the hornet but does no damage.
The hornet is moderately wounded.
The foxfire hits the hornet but does no damage.
The hornet is moderately wounded.
The hornet closely misses you. The hornet stings you!
* * * LOW HITPOINT WARNING * * *
You are more poisoned.
You feel as though you will be slow longer.
It was a potion of might.
You feel very mighty all of a sudden.
You feel very sick.
The foxfire hits the hornet.
The hornet is heavily wounded.
The foxfire hits the hornet.
The hornet is heavily wounded.
The hornet closely misses you. The hornet barely misses you.
The hornet stings you!
* * * LOW HITPOINT WARNING * * *
You feel as though you will be slow longer.
Okay, then.
It was a potion of mutation.
You feel extremely strange.
Your connection to magic feels subdued.
* * * LOW HITPOINT WARNING * * *
You feel very sick. The hornet stings you!
You die...

#######
##.#.#.#...
##......#...
##...........
#..y........ .
#..@......# ..
##.ยง......#...
###..........
####.........
##.##.........
##.............
###
#.............#
#..#
##........#.##.#
#...
#...8.#....... .


You could see a hornet (combustible).

Vanquished Creatures
  Sigmund (D:3)
  A black bear (D:5)
  An ogre (D:4)
  3 scorpions
  A bombardier beetle (D:4)
  An orc priest (D:1)
  2 hounds (D:4)
  Jessica (D:2)
  Ijyb (D:3)
  Terence (D:1)
  An iguana (D:5)
  An orc wizard (D:2)
  Robin (D:1)
  12 gnolls
  2 adders
  A ribbon worm (D:5)
  12 orcs
  4 bats
  6 endoplasms
  4 giant cockroaches
  12 goblins
  7 hobgoblins
  3 jackals (D:4)
  6 kobolds
  7 quokkas
  6 ball pythons
  4 frilled lizards
  4 rats
106 creatures vanquished.

Vanquished Creatures (others)
  193 foxfires
193 creatures vanquished.

Grand Total: 299 creatures vanquished

Notes
Turn   | Place    | Note
-------+----------+-------------------------------------------
     0 | D:1      | nimbat the Draconian Fire Elementalist began the quest for
                  | the Orb.
     0 | D:1      | Reached XP level 1. HP: 14/14 MP: 3/3
   267 | D:1      | Reached XP level 2. HP: 22/22 MP: 1/5
   639 | D:1      | Reached skill level 1 in Fighting
   851 | D:1      | Learned a level 2 spell: Scorch
   954 | D:2      | Identified the +5 whip "Siemet" {speed, rElec rF+ Will+}
   966 | D:2      | Reached XP level 3. HP: 28/28 MP: 1/6
  1089 | D:1      | Reached XP level 4. HP: 8/35 MP: 0/7
  1195 | D:2      | Noticed Jessica
  1254 | D:2      | Noticed Terence
  1255 | D:2      | Noticed Robin
  1334 | D:1      | Killed Terence
  1480 | D:1      | Reached skill level 1 in Maces & Flails
  1484 | D:1      | Killed Robin
  1519 | D:1      | Reached XP level 5. HP: 33/40 MP: 2/9
  2206 | D:3      | Found Jiaf's Magic Scroll Boutique.
  2210 | D:3      | Bought a scroll of identify for 22 gold pieces
  2210 | D:3      | Bought a scroll of enchant armour for 82 gold pieces
  2210 | D:3      | Bought a scroll of identify for 22 gold pieces
  2306 | D:3      | Noticed Ijyb
  2307 | D:3      | Noticed Sigmund
  2318 | D:3      | Found a faded altar of an unknown god.
  2731 | D:2      | Killed Jessica
  2732 | D:2      | Reached XP level 6. HP: 48/48 MP: 5/11
  2867 | D:3      | Killed Ijyb
  3071 | D:4      | Found Epnoh's Antique Weapon Shoppe.
  3850 | D:4      | Your scales start taking on a rich purple colour.
  3850 | D:4      | Reached XP level 7. HP: 56/56 MP: 9/13
  3855 | D:4      | Learned a level 3 spell: Inner Flame
  3859 | D:4      | Learned a level 3 spell: Volatile Blastmotes
  3864 | D:4      | Learned a level 4 spell: Flame Wave
  4326 | D:3      | Killed Sigmund
  4561 | D:5      | Entered Level 5 of the Dungeon
  4637 | D:5      | Reached skill level 1 in Hexes
  4637 | D:5      | Reached skill level 1 in Translocations
  4637 | D:5      | Reached skill level 1 in Evocations
  4834 | D:5      | Found a radiant altar of Vehumet.
  5025 | D:5      | Found a staircase to the Ecumenical Temple.
  5042 | D:5      | Noticed a hornet
  5053 | D:5      | Gained mutation: Your spells are a little easier to cast,
                  | but a little less powerful. [potion of mutation]
  5053 | D:5      | HP: 2/57 [poisoned by a hornet]
  5053 | D:5      | Mangled by a hornet

Illustrated notes

Levels and vault maps discovered:
D:1:      zelgadis_glass_arrival_small, layout_basic
D:2:      layout_rooms, amethyst_killhole, st_stairs_1, kennysheep_doodads,
          uniq_robin, uniq_jessica, uniq_crazy_yiuf_cottage, uniq_terence
D:3:      layout_rooms, nicolae_ecumenical_pavilion, serial_shops,
          nicolae_shop_pleasant_corner_grove, uniq_ijyb, uniq_sigmund
D:4:      layout_gridville, serial_shops, shop, dreamdust_gnoll_farm
D:5:      layout_cave_pools, general_overflow_altar, temple_statues,
          serial_shops, shop, serial_column_ruins,
          column_ruins_corridor_straight, column_ruins_columns_straight,
          column_ruins_open_tiny

Skill      XL: |  1  2  3  4  5  6  7 |
---------------+----------------------+-----
Dodging        | 2 3 |  3.3
Stealth        | 2 3 |  3.5
Fighting       | 1 2 3 |  3.2
Maces & Flails | 1 2 |  2.8
Spellcasting   | 3 4 |  4.8
Conjurations   | 2 3 |  3.2
Fire Magic     | 4 |  4.3
Hexes          | 1 |  1.2
Translocations | 1 |  1.1
Evocations     | 1 |  1.2

Action                     |  1- 3 |  4- 6 |  7- 9 || total
---------------------------+-------+-------+-------++-------
  Melee: Unarmed           |     8 |       |       ||     8
         Short sword       |    13 |       |       ||    13
         Tailslap          |     4 |     9 |     1 ||    14
         Whip              |    20 |    81 |    14 ||   115
         Punch             |       |     1 |       ||     1
   Cast: Foxfire           |    35 |    69 |    13 ||   117
         Scorch            |     3 |    26 |     6 ||    35
         Volatile Blastmot |       |       |    19 ||    19
         Inner Flame       |       |       |     3 ||     3
    Use: Scroll            |     1 |     1 |       ||     2
         Potion            |       |       |     2 ||     2
   Stab: Sleeping          |       |     2 |       ||     2
 Armour: Skin              |    30 |    61 |    27 ||   118
  Dodge: Dodged            |    36 |    77 |    22 ||   135
